 Dungeon Crawl Stone Soup version 0.31-a0-1074-g0b22e4e0f1 (webtiles) character file.

Game seed: 7484022704796161020

284 Smoke131 the Trooper (level 6, -15/99 HPs)
             Began as an Ogre Gladiator on Dec 5, 2023.
             Demolished by an ogre
             ... wielding a +0 giant spiked club
              (17 damage)
             ... on level 4 of the Dungeon.
             The game lasted 00:08:57 (3391 turns).

Smoke131 the Trooper (Ogre Gladiator)               Turns: 3391, Time: 00:08:57

Health: -15/99     AC:  3    Str: 21    XL:     6   Next: 29%
Magic:  6/6        EV: 10    Int:  9    God:
Gold:   174        SH:  0    Dex: 10    Spells: 5/5 levels left

rFire   . . .        a - +1 trident
rCold   . . .        (no shield)
rNeg    + . .        b - +0 robe
rPois   .            c - +0 hat
rElec   .            (no cloak)
rCorr   .            (gloves unavailable)
SInv    .            (boots unavailable)
Will    .....        (no amulet) Stlth
                     k - ring of positive energy
HPRegen 0.36/turn    (no ring)
MPRegen 0.10/turn

%: no passive effects
@: berserking, very quick
A: large, unfitting armour, tough skin 1
a: no special abilities


You were on level 4 of the Dungeon.
You visited 1 branch of the dungeon, and saw 4 of its levels.

You collected 174 gold pieces.

Inventory:

Hand Weapons
 a - a +1 trident (weapon)
Missiles
 d - 3 throwing nets (quivered)
 e - a large rock
Armour
 b - a +0 robe (worn)
 c - a +0 hat (worn)
Jewellery
 k - a ring of positive energy (left hand)
Scrolls
 f - a scroll of teleportation
 h - a scroll of revelation
 i - a scroll of enchant weapon
 j - a scroll of brand weapon {unknown}
Potions
 l - a potion of invisibility {unknown}


   Skills:
 - Level 5.0 Fighting
 + Level 4.6 Polearms
 + Level 4.0 Throwing
 - Level 3.0 Dodging


You had 5 spell levels left.
You didn't know any spells.
Your spell library contained the following spells:

 Spells                   Type           Power      Damage    Failure   Level
 Foxfire                  Conj/Fire      0%         2x1d4     38%         1
 Freeze                   Ice            0%         1d3       38%         1
 Necrotise                Necr           0%         1d4       38%         1
 Sandblast                Erth           0%         2d4       38%         1
 Cigotuvi's Dreadful Rot  Necr/Pois/Air  0%         N/A       52%         2
 Passwall                 Tmut/Erth      0%         N/A       52%         2
 Frozen Ramparts          Ice            0%         1d1       77%         3
 Hailstorm                Conj/Ice       0%         3d3       77%         3
 Ignite Poison            Fire/Tmut/Pois 0%         N/A       77%         3
 Stone Arrow              Conj/Erth      0%         3d7       77%         3
 Brom's Barrelling Bould  Conj/Erth      0%         2d3       99%         4
 Manifold Assault         Tloc           0%         N/A       99%         4
 Freezing Cloud           Conj/Ice/Air   0%         6-21      100%        5
 Dispersal                Tloc           0%         N/A       100%        6
 Plasma Beam              Fire/Air       0%         2x1d10    100%        6
 Starburst                Conj/Fire      0%         6d3       100%        6
 Disjunction              Tloc           0%         N/A       100%        8


Dungeon Overview and Level Annotations

Branches:
Dungeon (4/15)
 Temple: D:4-7

Altars:
Ashenzari
Kikubaaqudgha
Ru
Sif Muna
Vehumet

Annotations:
D:4 Grinder


Innate Abilities, Weirdness & Mutations

You are too large for most types of armour.
You have tough skin. (AC +1)


Message History

The scorpion is severely wounded.
The scorpion stings you but does no damage.
You hit the scorpion.
The scorpion is almost dead.
The scorpion stings you but does no damage.
You hit the scorpion but do no damage.
The scorpion is almost dead.
The scorpion barely misses you. x2
You hit the scorpion.
You kill the scorpion!
Your Throwing skill increases to level 4!
There is an open door here.
There is an open door here.
There is an open door here.
There is an open door here.
l - a green potion
There is an open door here.
An ogre is nearby!
There is an open door here.
You hit the ogre.
The ogre is lightly wounded.
The ogre hits you with a +0 giant spiked club!!
You barely miss the ogre.
The ogre is lightly wounded.
You hit the ogre.
The ogre is moderately wounded.
The ogre hits you with a +0 giant spiked club!!
You puncture the ogre!
The ogre is heavily wounded.
The ogre misses you.
You hit the ogre.
The ogre is severely wounded.
The ogre hits you with a +0 giant spiked club!!
* * * LOW HITPOINT WARNING * * *
A red film seems to cover your vision as you go berserk!
You feel yourself moving faster!
You feel mighty!
You hit the ogre.
The ogre is severely wounded.
The ogre hits you with a +0 giant spiked club!
You die...

,**,,,**,,_,*
,,,,,,,,,,,,*
,,,,,,,,,*,,*
,,,,,,,>,****
***,,***,,,#########
***,,***,,,#.......##
,,,,,*,,,,,#....#...#
,,,,,*,,,,,#....#...#
,,,,,+,,,,,#...O@...#
,,,,,*,,,,,#....#...#
,,,,>*,,,,,#....#...#
**,,,*######....#..##
**,,,*#........##..##
,,,,,,#........#....#
,,,,,,#........'....#
***#+##........#....#
*,,........#'###...##


You could see an ogre.

Vanquished Creatures
  A scorpion (D:4)
  A howler monkey (D:4)
  2 hounds
  5 adders
  3 worms
  2 dart slugs
  4 orcs (D:3)
  7 endoplasms
  4 giant cockroaches
  7 goblins
  5 hobgoblins
  7 jackals
  9 ball pythons
  5 bats
  8 kobolds
  2 rats (D:3)
72 creatures vanquished.

Notes
Turn   | Place    | Note
-------+----------+-------------------------------------------
     0 | D:1      | Smoke131 the Ogre Gladiator began the quest for the Orb.
     0 | D:1      | Reached XP level 1. HP: 22/22 MP: 1/1
     2 | D:1      | Noticed a vampire
     4 | D:1      | Noticed an armataur
     4 | D:1      | Noticed a draconian
     6 | D:1      | Noticed an ogre
     6 | D:1      | Noticed a felid
     8 | D:1      | Noticed a demonspawn
     8 | D:1      | Noticed a gargoyle
    10 | D:1      | Noticed an elf
    10 | D:1      | Noticed a vine stalker
    12 | D:1      | Noticed a ghoul
    12 | D:1      | Noticed a merfolk
    14 | D:1      | Noticed a human
    14 | D:1      | Noticed an octopode
    18 | D:1      | Noticed a demigod
    18 | D:1      | Noticed a troll
    20 | D:1      | Noticed a spriggan
    20 | D:1      | Noticed a minotaur
    22 | D:1      | Noticed a tengu
    22 | D:1      | Noticed a meteoran
    24 | D:1      | Noticed a ghoul
    24 | D:1      | Noticed a formicid
    26 | D:1      | Noticed an octopode
    26 | D:1      | Noticed a human
   168 | D:1      | Reached XP level 2. HP: 27/29 MP: 2/2
   171 | D:1      | Reached skill level 3 in Fighting
   607 | D:1      | Reached XP level 3. HP: 37/37 MP: 3/3
  1647 | D:3      | Reached XP level 4. HP: 36/48 MP: 4/4
  1705 | D:3      | Found a sacrificial altar of Ru.
  1836 | D:3      | Reached skill level 4 in Fighting
  1945 | D:3      | Found a radiant altar of Vehumet.
  1950 | D:3      | Found an ancient bone altar of Kikubaaqudgha.
  1951 | D:3      | Found a shimmering blue altar of Sif Muna.
  1968 | D:3      | Got Kikubaaqudgha's Discursus on Skeletons
  2362 | D:3      | Reached XP level 5. HP: 42/54 MP: 5/5
  2562 | D:4      | Noticed Grinder
  2710 | D:4      | Noticed an ogre
  3194 | D:4      | Reached skill level 5 in Fighting
  3194 | D:4      | Reached XP level 6. HP: 49/66 MP: 6/6
  3261 | D:4      | Found a broken altar of Ashenzari.
  3389 | D:4      | HP: 1/66 [ogre/+0 giant spiked club (22)]
  3391 | D:4      | Demolished by an ogre

Illustrated notes

Levels and vault maps discovered:
D:1:      kb_arrival_jail, layout_loops_corners, minmay_misc_feat_x
D:2:      layout_loops_cross
D:3:      layout_basic, grunt_temple_overflow_magic_moments,
          nicolae_ru_awakened_eye
D:4:      layout_gridville, mainiacjoe_overflow_alcove_1,
          mainiacjoe_overflow_cross_hatched, minmay_checkerbox, uniq_ijyb,
          uniq_grinder

Skill      XL: |  1  2  3  4  5  6 |
---------------+-------------------+-----
Fighting       | 3 4 5 |  5.0
Dodging        | 3 |  3.0
Throwing       | 3 4 |  4.0
Polearms       | 4 |  4.6

Action                     |  1- 3 |  4- 6 || total
---------------------------+-------+-------++-------
  Melee: Trident           |    97 |   132 ||   229
         Punch             |     2 |       ||     2
    Use: Scroll            |       |     7 ||     7
         Potion            |       |     2 ||     2
   Stab: Sleeping          |     1 |       ||     1
 Armour: Robe              |    56 |    98 ||   154
  Dodge: Dodged            |    58 |    63 ||   121

Table legend: (Time is in decaauts)
 A = Elapsed time spent in this place.
 B = Non-inter-level travel time spent in this place.
 C = Inter-level travel time spent in this place.
 D = Time resting spent in this place.
 E = Time spent auto-exploring this place.
 F = Levels seen in this place.
 G = Mean time per level.
                   A        B        C        D        E       F      G
               +--------+--------+--------+--------+--------+-----+--------+
         Total |   3418 |   3195 |    223 |    207 |   2289 |   4 |  854.5 |
       Dungeon |   3418 |   3195 |    223 |    207 |   2289 |   4 |  854.5 |
               +--------+--------+--------+--------+--------+-----+--------+

Top non-repeatable levels by time:
     D:3: 1183 daAuts
     D:1: 1068 daAuts
     D:4: 587 daAuts
     D:2: 577 daAuts
